[Event "Khanty-Mansiysk FIDE GP (Women)"]
[Site "Khanty-Mansiysk"]
[Date "2014.04.17"]
[Round "8"]
[White "Stefanova, Antoaneta"]
[Black "Batchimeg, Tuvshintugs"]
[Result "1/2-1/2"]
[ECO "D00"]
[WhiteElo "2489"]
[BlackElo "2340"]
[Annotator "ChessBase Website"]
[PlyCount "74"]
[EventDate "2014.04.09"]
[EventType "tourn"]
[EventRounds "11"]
[EventCountry "RUS"]
[EventCategory "10"]
[SourceTitle "CBM 160"]
[Source "ChessBase"]
[SourceDate "2014.05.15"]
[SourceVersion "1"]
[SourceVersionDate "2014.05.15"]
[SourceQuality "1"]
[TimeControl "40/5400+30:1800+30"]
[WhiteClock "1:30:00"]
[BlackClock "1:30:00"]

1. d4 Nf6 2. Nc3 d5 3. Bf4 e6 4. e3 Bd6 5. Bg3 (5. Nf3 O-O 6. Bd3 c5 7. dxc5
Bxc5 8. O-O Nc6 9. e4 dxe4 10. Nxe4 Nxe4 11. Bxe4 Qf6 12. Bg5 Qxb2 13. Rb1 Qa3
14. Bc1 Qa4 15. Bxh7+ Kxh7 16. Ng5+ Kg8 17. Qh5 Qxc2 18. Rb3 Qg6 19. Qh4 e5 {
0-1 (19) Jobava,B (2705)-Malakhov,V (2716) Warsaw 2013}) 5... c5 $146 (5... O-O 6. Bd3 a6 7. Nf3 Nc6 8. a3 Qe7 9. Ne5 Nd7 10. f4 f5 11. Nb1
Nd8 12. O-O Nf7 13. c4 Bxe5 14. fxe5 dxc4 15. Bxc4 b5 16. Ba2 Bb7 17. Nc3 Nb6
18. Qe2 Ng5 19. Rac1 Rad8 20. Bf4 Nf7 21. Bb3 Kh8 22. Na2 Bd5 23. Bxd5 Nxd5 24.
Nb4 Nxb4 25. axb4 Rc8 26. Rc6 Nd8 27. Rxa6 Qxb4 28. Bg5 Nf7 29. Bf4 Rfe8 30.
Ra7 Kg8 31. Rc1 c6 32. Bg3 Qb3 33. Rc3 Qd5 34. h3 Rf8 35. Bh4 {Colovic,D (2380)
-Kostic,V (2430) Serbia 2009 1/2-1/2}) 6. dxc5 Bxc5 7. Nb5 Na6 8. c3 O-O 9. a4 Ne4 10. Be5 f6 11. Bd4 Be7 12.
f3 Nd6 13. f4 Nf5 14. Bd3 e5 15. fxe5 fxe5 16. Bxf5 Rxf5 17. Bxa7 Be6 18. Nf3 b6 19. O-O Bc5 20. Qe2 Rf7 21. b4 Bd6 22. Nxd6 Qxd6 23. Qxa6 Rfxa7 24. Qe2 Rxa4 25. Rxa4 Rxa4 26. Ng5 Ra7 27. Qd3 g6 28. e4 Rd7 29. Rf6 {[%emt 0:01:04] This game was somewhat strange. Stefanova used one
of her usual sideline openings to obtain a decent position that quickly turned
for the worse. However the Mongolian player was unable to fully use White's
bishop that was stuck on a7, and slowly but surely her position got worse and
worse. Stefanova had a beautiful chance to obtain a clear edge with 29.Qf3!
but once this chance was missed the game was close to equal.} (29. Qf3 $36 ) 29... Qe7 30. Qf1 Bf5 31. Rxb6 Qxg5 32. Rb8+ Kg7 33. exf5 Qe3+ 34.
Qf2 Qc1+ 35. Qf1 Qe3+ 36. Qf2 Qc1+ 37. Qf1 Qe3+ 1/2-1/2

[Event "Khanty-Mansiysk FIDE GP (Women)"]
[Site "Khanty-Mansiysk"]
[Date "2014.04.09"]
[Round "1"]
[White "Stefanova, Antoaneta"]
[Black "Kosteniuk, Alexandra"]
[Result "1/2-1/2"]
[ECO "D00"]
[WhiteElo "2489"]
[BlackElo "2527"]
[Annotator "ChessBase Website"]
[PlyCount "138"]
[EventDate "2014.04.09"]
[EventType "tourn"]
[EventRounds "11"]
[EventCountry "RUS"]
[EventCategory "10"]
[SourceTitle "CBM 160"]
[Source "ChessBase"]
[SourceDate "2014.05.15"]
[SourceVersion "1"]
[SourceVersionDate "2014.05.15"]
[SourceQuality "1"]
[TimeControl "40/5400+30:1800+30"]
[WhiteClock "1:30:00"]
[BlackClock "1:30:00"]

1. d4 d5 2. Bf4 {[%emt 0:00:23] The only
game that was not won by the White pieces, but it certainly could have.
Stefanova employed one of her usual unorthodox openings and got a really nice
position, eventually leading into a more comfortable endgame. Kosteniuk erred
quickly after entering the knight and bishop endgame and found herself in a
lost position, but by some miracle Stefanova missed win after win after win
until the game was drawn.} Nf6 3. Nc3 c6 4. e3 Nbd7 (4... Bf5 5. f3 e6
6. g4 Bg6 7. h4 h6 8. Bd3 Bxd3 9. cxd3 Bd6 10. Nge2 Bxf4 11. Nxf4 Nbd7 12. Kf2
Ng8 13. Qb3 Qb6 14. Na4 Qxb3 15. axb3 Ne7 16. b4 O-O-O 17. Nc5 Kb8 18. h5 b6
19. Nb3 e5 20. dxe5 Nxe5 21. Nd4 Kb7 22. Nf5 g5 23. hxg6 N7xg6 24. Ke2 Nxf4+
25. exf4 Ng6 26. Kd2 Nxf4 27. Ra4 Rhe8 28. Rha1 Re2+ 29. Kd1 Ra8 30. b5 Rh2 31.
bxc6+ Kc7 32. R1a3 Ng6 33. Rd4 Rd8 34. Rxa7+ {Rapport,R (2691)-Sachdev,T (2442)
Caleta 2014 1/2-1/2 (129)}) 5. h4 g6 6. g4 h6 7. Bd3 Bg7 8. Qf3 Qa5 9. Nge2 Ne4 10. Bxe4 dxe4 11. Qg2 Nf6 12. g5 hxg5 13. hxg5 Rxh1+ 14. Qxh1 Nh5 15. O-O-O Bg4 16. Qxe4 Bxe2 17. Nxe2 Qxa2 18.
Nc3 Qa1+ 19. Kd2 Qa5 20. b4 Qf5 21. Qxf5 gxf5 22. Bh2 O-O-O 23. Ra1 e5 24. Rxa7 exd4 25. Ra8+ Kd7 26. Rxd8+ Kxd8 27. Ne2 dxe3+ 28. Kxe3 Bf8 29. c3 Be7 30. f4 Kd7 31. Bg1 Bd6 32. Kf3 Bc7 33. Be3 Ng7 34. Ng3 Ke6 35. Bd4 Ne8 36. c4 Bd6 37. Bc3 b5 38.
c5 Be7 39. Ne2 Kd5 40. Nd4 Bf8 41. Nxf5 Kc4 42. Be1 Kd3 43. Kg4 Nc7 44. Nd6 Ke2 45. Bc3 Nd5 46. Bh8 Nxb4 47. Nxf7 Bxc5 48. Nd8 Nd5 49. Nxc6 Ke3 50. f5 Ke4 51. f6 Nf4 52. f7 Ng6 53. Bc3 Kd5 54. Nd8 b4 55.
Bb2 b3 56. Kf5 Ne7+ 57. Kf6 Ke4 58. f8=Q Nd5+ 59. Kf7 Bxf8 60. Kxf8 Kf5 61. Nf7 Nf4 62. Kg7 Nd3 63. Bf6 b2 64. Nh6+ Kf4 65. Bxb2 Kxg5 66. Bf6+ Kf4 67. Kf7 Ne5+ 68. Ke6 Ng4 69. Nxg4 Kxg4 1/2-1/2

[Event "Metz op 31th"]
[Site "Metz"]
[Date "2013.07.25"]
[Round "8"]
[White "Wirig, Anthony"]
[Black "Shchekachev, Andrei"]
[Result "1/2-1/2"]
[ECO "D00"]
[WhiteElo "2481"]
[BlackElo "2520"]
[Annotator "Metz Alekhine/Primel,D"]
[PlyCount "80"]
[EventDate "2013.04.20"]
[EventType "swiss"]
[EventRounds "9"]
[EventCountry "FRA"]
[SourceTitle "EXT 2016"]
[Source "ChessBase"]
[SourceDate "2015.10.08"]
[SourceVersion "1"]
[SourceVersionDate "2015.10.08"]
[SourceQuality "1"]
[TimeControl "40/5400:1800+30"]
[WhiteClock "1:30:00"]
[BlackClock "1:30:00"]

1. d4 Nf6 2. Nc3 d5 3. Bf4 {Ce système un peu bizare a été popularisée
récemment par Jobava} a6 (3... g6 4. Qd2 Bg7 5. Bh6) (3... Bf5 4. f3 e6 5. g4
Bg6 6. h4 h6 7. e3 a6 8. h5 Bh7 9. Bd3 Bxd3 10. cxd3 {Jobava,B (2713)
-Nepomniachtchi,I (2730) Wch Rapid Dubai 2014 (13) 1-0} (10. Qxd3)) 4. e3 (4.
Nf3) 4... e6 5. a3 c5 $132 6. Nf3 Nc6 (6... b6 7. Ne5 Bb7 8. g4 Nfd7 9. Bg2
Nxe5 10. dxe5 Nc6 11. O-O Qc7 12. e4 d4 13. Nd5 exd5 14. exd5 Na5 15. Rb1 Qd7
16. b4 Nc4 17. e6 fxe6 18. dxe6 Qc8 19. Bxb7 Qxb7 20. Re1 Qd5 21. bxc5 Bxc5 22.
e7 Ra7 23. Bg3 Bxe7 24. Qd3 O-O 25. a4 b5 26. axb5 axb5 27. Qb3 Bd6 28. Qxb5
Qxb5 29. Rxb5 Bxg3 30. hxg3 Rc7 31. Rd1 Na3 32. Rb3 Nxc2 33. Rbd3 Rfc8 34. Kg2
Rc3 35. R3d2 d3 {0-1 (35) Fries Nielsen,J (2365)-Berczes,D (2528) Sweden 2013})
7. Ne5 $146 (7. Be2 Bd6 8. Bxd6 Qxd6 9. Na4 cxd4 10. exd4 O-O 11. Nb6 Rb8 12.
c3 Na5 13. Nxc8 Rfxc8 14. O-O b5 15. Bd3 Nc4 16. Qc2 h6 17. Rfe1 Nd7 18. h3 a5
19. Bh7+ Kh8 20. Bd3 Qb6 21. g3 b4 22. axb4 axb4 23. Qe2 bxc3 24. bxc3 Qd6 25.
Ra7 Rb2 26. Qd1 Qc6 27. Re2 Rcb8 {1/2-1/2 (27) Krecak,Z (2314)-Vinchev,S (2348)
ICCF email 2012}) 7... Bd7 8. Be2 (8. Bd3) 8... cxd4 9. exd4 Qb6 10. Nxc6 Bxc6
11. Rb1 Be7 12. O-O O-O 13. Bd3 Rfd8 (13... Rfc8) 14. Ne2 Bb5 $11 15. c3 Bxd3
16. Qxd3 Nd7 17. Qg3 Rdc8 (17... Rac8 18. Rfe1 a5 19. h4) 18. Rfe1 a5 19. h4
Qd8 20. h5 Nf6 21. Qh3 Ne4 22. Ng3 Nxg3 23. Qxg3 b5 24. Re3 (24. h6) 24... b4
25. axb4 axb4 26. cxb4 Bh4 27. Qg4 Bf6 28. Rd1 Rc4 29. Be5 Bxe5 30. Rxe5 Qf6 (
30... Rxb4) 31. Qe2 Rxb4 32. g3 h6 33. Rd2 Rab8 34. Kg2 Qd8 $1 {[%csl Rb2,Rd4]
[%cal Gd8b6] La finale est encore égale mais les Blancs auront au mieux la
nulle alors que les Noirs peuvent encore jouer pour le gain à cause des deux
faiblesses.} 35. f4 Qb6 36. f5 Rxd4 37. fxe6 fxe6 38. Rc2 Re8 39. Qe3 Rb4 40.
Qe2 d4 {Suite illisible et nulle au 56ème coup} 1/2-1/2

[Event "Syre Memorial op 36th"]
[Site "Issy les Moulineaux"]
[Date "2013.05.10"]
[Round "4"]
[White "Onkoud, Abdelaziz"]
[Black "Brunner, Nicolas"]
[Result "1-0"]
[ECO "D00"]
[WhiteElo "2384"]
[BlackElo "2412"]
[Annotator "Onkoud,A/Primel,D"]
[PlyCount "55"]
[EventDate "2013.05.08"]
[EventType "swiss"]
[EventRounds "7"]
[EventCountry "FRA"]
[SourceTitle "EXT 2015"]
[Source "ChessBase"]
[SourceDate "2014.11.20"]
[SourceVersion "1"]
[SourceVersionDate "2014.11.20"]
[SourceQuality "1"]
[TimeControl "40/5400+30:1200+30"]

1. d4 d5 2. Bf4 c5 3. e4 $5 {Une ligne secondaire intéressante souvent jouée
par le GMI WINANTS} (3. e3 Nf6 (3... Nc6 4. c3 Qb6 5. Qb3 c4 6. Qc2 Bf5 $132)
4. c3 Nc6 5. Nd2 cxd4 6. exd4 Bf5 7. Qb3 Qc8 8. Ngf3 e6 9. Be2 h6 10. Ne5 Be7
11. O-O O-O 12. a4 Nd7 13. Ndf3 a6 14. Rfc1 Be4 15. Qd1 Ndxe5 16. Nxe5 Nxe5 17.
dxe5 f6 18. exf6 Bxf6 19. Be3 Qc7 20. a5 Qf7 21. f3 Bf5 22. Ra4 Rad8 23. Bd3
Bxd3 24. Qxd3 e5 25. Rd1 e4 26. fxe4 dxe4 27. Qc2 Rxd1+ 28. Qxd1 Bg5 29. Bd4 e3
30. Qe2 Qd5 31. h4 Rf2 32. Qg4 Rf4 {Kamsky,G (2762)-Fressinet,L (2700) Beijing
2012 1/2-1/2}) 3... dxe4 (3... Nc6 $5 4. exd5 Qxd5 5. Nc3 Qxd4 6. Nd5 e5 7. Nc7+ Kd8 8. Nxa8 exf4 $44 {Winants,L (2530)-Adly,A (2460) Turin
ol (Men) 37th 2006 (11) 0-1}) 4. d5 {Joué dans l'esprit d'un gambit Albin
avec couleurs inversées.} Nf6 (4... e6 $6 5. Bb5+ Bd7 6. dxe6 $1 Bxb5 $4 7.
exf7+) 5. Nc3 a6 (5... g6 6. Nb5 Na6 7. d6 Bg4 8. f3 exf3 9. gxf3 {Toupalik,
B-Spielmann,R Prague sim 1912 1-0} (9. Nxf3)) 6. Qe2 Bg4 {A.ONKOUD: Je ne
croyais pas trop au Gambit...mais vu la suite des événements....et
l’analyse post Mortem..La ligne choisie par les noirs n’est pas très
efficace et je me demande encore comment doivent se comporter les noirs face
à ce gambit. Le ballet de la Ta1-d1-é1-f1-é1-è5-é7-g7 et g6 est très
étonnant....Cela a permit au début d’écarter le Roi noir du jeu pour
faciliter l’attaque puis de contribuer activement au tableau de mat.} (6...
g6 7. O-O-O (7. Nxe4 Nxe4 (7... Nxd5 $4 8. Nd6+) 8. Qxe4 Bg7 9. O-O-O $32 ) 7... Bg7 8. Nxe4 Nxe4 9. Qxe4 {Eljanov,P (2692)
-Ponomariov,R (2719) Kharkov Champions m 2008 (1) 0-1}) 7. f3 exf3 8. Nxf3 (8.
gxf3 Bf5 9. O-O-O $32 g6 10. Qe3 {Danielian,E (2423)-Krivec,J (2316) Athens
Acropolis op (Women) 2006 (9) 1-0} (10. Ne4 Nxe4 11. fxe4 Bc8
12. e5 $16)) 8... g6 9. O-O-O Bg7 10. h3 {90} (10. d6 Nc6 $132) 10... Bxf3 {65}
11. Qxf3 Nbd7 12. g4 $1 $146 {Gagne non seulement de l'espace à l'aile-roi
mais le Bg2 sera trés fort après la poussée d5d6} (12. d6 e5 13. Bg5 h6 14.
Bh4 b5 15. Bd3 O-O 16. Nd5 Kh8 17. Be4 Rb8 18. Rhf1 g5 19. Bg3 Nxd5 20. Rxd5 f5
21. Bxf5 e4 22. Qe2 Qf6 23. c3 b4 24. c4 Rbe8 25. Rdd1 Qd8 26. Bg6 Rxf1 {
Prie,E (2510)-Dumitrache,D (2447) Condom 2012 0-1 (33)}) 12... Qb6 $6 {Les
Noirs ne vont pas réussir à trouver du contre-jeu en attaquant le P"b2" et
empêcher la poussée naturelle b7b5 semble assez douteuse} (12... O-O 13. Bg2
Rc8 (13... b5 14. d6) 14. d6 e6 (14... e5 15. Bg5) 15. Qxb7) (12... Qa5 13. Bg2
O-O 14. Rhe1 b5 $132) 13. Bg2 {[%csl Gg2] 82} O-O 14. Rhe1 $36 {[%csl Re7] 77
Les Blancs ont joué trés rapidement l'ouverture et les Noirs avait déjà 25
mns de retard à la pendule.} Rfe8 {52} 15. Re2 Qa5 (15... Rac8
16. Rde1 Qd8 17. g5 Nh5 18. Bh2 b5 $132) 16. Rde1 Kf8 17. Kb1 {59} Rac8 {35} (
17... h6) 18. Rf1 (18. d6 $1 {Empêche le K Noir de fuir au centre par K e7
après l'ouverture de la colonne "f" et de jouer Re7 protégeant "f7"} e6 19.
Bd2 b5 20. g5 Nh5 21. Rf1 $40 ) 18... Kg8 19. Bd2 Kh8 $2 (19... Qc7 {
[%cal Gb7b5] Un moindre mal} 20. Rfe1 Nb6 (20... b5) 21. g5 Nh5 22. Rf1 Rf8
$132 ) 20. Rfe1 {49} Nb6 {30 leN et laQ se marchent un peu
dessus à l'aile-dame sans coopérer} 21. g5 $1 Nfd7 22. Nd1 Qb5 23. Bc3 $1 Nc4 24. a4 Qxa4 25. b3 Qb5 26. Qxf7 Nce5 27. Rxe5
Rf8 28. Qxg7+ $1 {[%cal Ge5e7,Ge1e7] Une fin élégante} (28. Qxg7+ Kxg7 29.
Rxe7+ Kg8 30. Rg7+ Kh8 31. Ree7 $18 ) 1-0

[Event "Cappelle op 32nd"]
[Site "Cappelle la Grande"]
[Date "2016.02.19"]
[Round "8"]
[White "Kamsky, Gata"]
[Black "Gurevich, Mikhail"]
[Result "1-0"]
[ECO "D00"]
[WhiteElo "2667"]
[BlackElo "2542"]
[Annotator "Primel,D"]
[PlyCount "109"]
[EventDate "2016.02.13"]
[EventType "swiss"]
[EventRounds "9"]
[EventCountry "FRA"]
[SourceTitle "EXT 2017"]
[Source "ChessBase"]
[SourceDate "2016.10.25"]
[SourceVersion "1"]
[SourceVersionDate "2016.10.25"]
[SourceQuality "1"]
[TimeControl "40/5400+30:1800+30"]
[WhiteClock "1:30:00"]
[BlackClock "1:30:00"]

1. d4 d5 {Le parcours de Mikhail GOUREVICH était remarquable car il ne joue
presque plus et depuis plusieurs années, Cappelle est l'unique tournoi auquel
il participe} 2. Bf4 c6 (2... c5 3. e4 (3. e3 e6 4. c3 Nc6 5. Nd2 Bd6 (5... Be7
6. Ngf3 Nf6 7. Ne5 O-O 8. Bd3 Bd7 9. Qf3 $1 Rc8 10. Qh3 $36 {Sahovic,D (2485)
-Franzoni,G (2200) Biel 13th 1980 (1) 1-0}) 6. Bxd6 Qxd6 7. Qg4 g6 8. Qg3 (8.
Ngf3 Qe7 9. Qf4 cxd4 10. exd4 Qf6 11. Qe3 h5 12. Bb5 Bd7 13. Ne5 Nxe5 14. dxe5
Qe7 15. Bd3 $14)) 3... dxe4 4. d5 Nf6 5. Nc3 a6 6. Qe2 g6 (6... Nxd5 $6 7.
O-O-O $44 ) 7. O-O-O Bg7 8. Nxe4 Nxe4 9. Qxe4 $32 {[%csl Re7];
Berkes,F (2664)-Prohaszka,P (2582) Zalakaros op 34th 2015 (7) 1-0}) (2... Nf6)
3. e3 Bf5 (3... Qb6 4. Qc1 (4. b3 Bf5 5. Bd3 Bxd3 6. Qxd3 Nf6 7. Nf3 e6 8. O-O
Be7 9. c4 Nbd7 10. Nc3 O-O 11. c5 $1 Qd8 12. h3 $14 ) 4...
Bf5 5. c4 e6 6. Nc3 Nf6 7. Nf3 Nbd7 8. c5 $14) 4. c4 $1 e6 (4...
Bxb1) (4... Nf6 5. Qb3 Qb6 6. c5 Qxb3 7. axb3 Nbd7 8. b4 $14) 5. Qb3 (5. Nc3
Nd7 6. Qb3 Qb6 7. c5 Qxb3 8. axb3 a6 9. Nf3 h6 10. b4 Rc8 11. Nd2 f6 12. Nb3 e5
13. Bg3 Be7 14. Na5 Rc7 15. Be2 Bd8 16. O-O Ne7 17. f3 Be6 18. e4 h5 19. h3 h4
20. Bh2 g5 21. Rfd1 Kf7 22. exd5 cxd5 23. b5 exd4 24. Bxc7 Bxc7 25. b6 dxc3 26.
bxc7 cxb2 27. Rab1 Rc8 28. Nxb7 Rxc7 29. Nd8+ {1-0 (29) Grischuk,A (2774)
-Bartel,M (2622) Berlin 2015}) 5... Qb6 6. c5 Qxb3 7. axb3 Bxb1 (7... Nf6 8. b4
) 8. Rxb1 Nd7 9. b4 a6 10. Nf3 Ngf6 11. h3 Be7 $146 (11... Ne4 12. Bd3 f5 13.
Ra1 Rc8 14. Bxe4 dxe4 15. Nd2 Nf6 16. Be5 Nd5 17. Ra4 Rd8 18. Ke2 Be7 19. f3
exf3+ 20. gxf3 Rg8 21. e4 Nf6 22. Ke3 Kf7 23. Nc4 g5 24. Raa1 h5 25. Rag1 h4
26. Rg2 f4+ 27. Kd3 Nh5 28. Bc7 Rc8 29. Bd6 Ng3 30. Ra1 Ra8 31. Be5 Rad8 32.
Bc7 Rc8 33. Bb6 Bf6 34. Nd6+ Ke7 35. Nxb7 Ra8 36. Na5 Kd7 37. b3 Bd8 38. Nc4
Bc7 39. Rga2 g4 40. fxg4 f3 41. Rf2 {Tasic,Z (2188)-Dodic,D (2177) Vrnjacka
Banja 2006 1-0 (62)}) 12. Nd2 O-O 13. Nb3 Bd8 14. Na5 Bxa5 15. bxa5 Rfe8 16. f3
e5 17. dxe5 Nxe5 18. Kf2 Re6 19. Rc1 Rae8 20. Rc3 Nfd7 21. h4 f5 22. h5 Nf6 23.
Rh4 R8e7 24. Bh2 Neg4+ 25. fxg4 Ne4+ 26. Kg1 (26. Ke1 Nxc3 27. bxc3 Rxe3+ 28.
Kd2 $16) 26... Nxc3 27. bxc3 Rxe3 28. gxf5 R7e4 29. Rxe4 Rxe4 30. Kf2 h6 31.
Bc7 Re7 32. Bd6 Re4 33. f6 gxf6 34. Bd3 Ra4 35. Bc7 Ra2+ 36. Kf3 Ra3 37. Ke3
Rxc3 38. Kd4 Rc1 39. Bf4 Rh1 40. Bf5 $1 Kg7 41. Bc8 Rb1 42. Bc7
$40 Re1 43. Bd6 Rb1 44. Kc3 Rb5 45. Bc7 Rxc5+ 46. Kd3
Rb5 47. Bb6 c5 48. Bxb7 d4 49. Bxa6 Rb3+ 50. Kc2 Rg3 51. Bb7 Ra3 52. a6 d3+ 53.
Kb2 d2 54. Kc2 Ra2+ 55. Kd1 1-0